 Dungeon Crawl Stone Soup version 0.31-a0-750-gfe7b580527 (webtiles) character file.

Game seed: 8727899684263219479

1794 SmokeWeed the Thaumaturge (level 8, 0/42 HPs)
             Began as a Deep Elf Conjurer on Sept 14, 2023.
             Was an Initiate of Gozag.
             Slain by a two-headed ogre
             ... wielding a +0 giant spiked club
              (22 damage)
             ... on level 5 of the Dungeon on Sept 15, 2023.
             The game lasted 00:32:56 (7057 turns).

SmokeWeed the Thaumaturge (Deep Elf Conjurer)       Turns: 7057, Time: 00:32:59

Health: 0/42       AC:  5    Str: 10    XL:     8   Next: 82%
Magic:  13/23      EV: 13    Int: 24    God:    Gozag
Gold:   84         SH:  0    Dex: 13    Spells: 6/25 levels left

rFire   + . .        t - +2 dagger (venom)
rCold   . . .        C - orb {mayhem}
rNeg    + . .        a - +0 robe
rPois   .            (no helmet)
rElec   .            (no cloak)
rCorr   .            (no gloves)
SInv    .            g - +2 pair of boots
Will    +....        j - amulet of the acrobat
Stlth   +++          i - ring of willpower
HPRegen 0.27/turn    r - ring of Birr {Fly rF+ rN+ Str+4 Slay-5}
MPRegen 0.18/turn

%: mayhem, acrobat
@: flying
A: no striking features
a: Renounce Religion, Potion Petition, Call Merchant, Bribe Branch


You were on level 5 of the Dungeon.
You worshipped Gozag.
Gozag was noncommittal.
You visited 2 branches of the dungeon, and saw 7 of its levels.

You collected 468 gold pieces.
You spent 280 gold pieces at shops.
You paid 104 gold pieces to Gozag.

Inventory:

Hand Weapons
 c - a +2 whip of venom
 o - a +0 short sword of speed
 t - a +2 dagger of venom (weapon)
 x - a +1 whip of electrocution
 y - a +0 orcbow
 B - a +3 trident of draining
Armour
 a - a +0 robe (worn)
 g - a +2 pair of boots (worn)
 w - a +0 ring mail
 C - an orb of mayhem (worn)
Jewellery
 i - a ring of willpower (left hand)
 j - an amulet of the acrobat (around neck)
 r - the ring of Birr (right hand) {Fly rF+ rN+ Str+4 Slay-5}
   (You found it on level 3 of the Dungeon)

   [ring of positive energy]

   Str+4:     It affects your strength (+4).
   Slay-5:    It affects your accuracy & damage with ranged weapons and melee
   (-5).
   rF+:       It protects you from fire.
   rN+:       It protects you from negative energy.
   Fly:       It grants you flight.
 u - a ring of willpower
 z - a ring of poison resistance
Talismans
 p - a beast talisman
 A - a serpent talisman
Wands
 e - a wand of digging (6)
 q - a wand of flame (15)
 v - a wand of paralysis (7)
Scrolls
 d - 2 scrolls of poison
 m - a scroll of torment
Potions
 b - a potion of magic
 f - a potion of brilliance
 h - a potion of curing {unknown}
 k - 4 potions of mutation
 l - a potion of degeneration {unknown}
 n - 2 potions of resistance


   Skills:
 + Level 0.6 Fighting
 + Level 0.3 Maces & Flails
 + Level 3.2 Dodging
 + Level 4.8 Stealth
 + Level 9.0 Spellcasting
 + Level 7.3 Conjurations
 + Level 3.7 Hexes
 + Level 2.4 Summonings
 + Level 6.1 Necromancy


You had 6 spell levels left.
You knew the following spells:

 Your Spells              Type           Power      Damage    Failure   Level
a - Magic Dart            Conj           100%       1d8       1%          1
b - Searing Ray           Conj           90%        2d7       1%          2
c - Necrotise             Necr           100%       1d9       1%          1
d - Dazzling Flash        Conj/Hex       74%        N/A       1%          3
e - Call Canine Familiar  Summ           22%        N/A       6%          3
f - Agony                 Necr           40%        N/A       13%         5
g - Olgreb's Toxic Radia  Pois           10%        N/A       50%         4

Your spell library contained the following spells:

 Spells                   Type           Power      Damage    Failure   Level
 Sublimation of Blood     Necr           40%        N/A       1%          2
 Vampiric Draining        Necr           40%        2d8       1%          3
 Summon Small Mammal      Summ           88%        N/A       2%          1
 Sigil of Binding         Hex            28%        N/A       3%          3
 Summon Guardian Golem    Hex/Summ       25%        N/A       4%          3
 Apportation              Tloc           20%        N/A       6%          1
 Sting                    Tmut/Pois      40%        1d5       6%          1
 Fulminant Prism          Conj/Hex       18%        3d10      6%          4
 Poisonous Vapours        Pois/Air       20%        N/A       9%          2
 Wereblood                Tmut           10%        N/A       9%          2
 Iskenderun's Mystic Bla  Conj/Tloc      28%        2d7       13%         4
 Dimensional Bullseye     Hex/Tloc       9%         N/A       26%         4
 Leda's Liquefaction      Hex/Erth       9%         N/A       26%         4
 Borgnjor's Vile Clutch   Necr/Erth      12%        N/A       43%         5
 Alistair's Intoxication  Tmut/Pois      6%         N/A       85%         5
 Eringya's Noxious Bog    Tmut/Pois      5%         4d6       100%        6
 Summon Hydra             Summ           11%        N/A       100%        7


Dungeon Overview and Level Annotations

Branches:
Dungeon (6/15)             Temple (1/1) D:5

Altars:
Ashenzari
Elyvilon
Gozag
Kikubaaqudgha
Nemelex Xobeh
Ru
Sif Muna
Vehumet
Wu Jian
Xom
Yredelemnul
Zin

Shops:
D:6 :!


Message History

Things that are here:
a +0 club; a +0 leather armour
As you read the scroll of identify, it crumbles to dust.
k - 4 potions of mutation
As you read the scroll of identify, it crumbles to dust.
n - 2 potions of resistance A two-headed ogre is nearby!
The two-headed ogre shouts in stereo!
Casting: Searing Ray (safe; 1% risk of failure)
Confirm with . or Enter, or press ? or * to list all spells.
Casting: Dazzling Flash (safe; 1% risk of failure)
Press: ? - help, Dir - look around, f - activate
Things that are here:
a +0 plate armour; a +0 glaive You see here a +0 robe.
Things that are here:
a +0 chain mail; a +0 whip; a +0 mace You see here a +0 club.
There is a stone staircase leading up here.
The two-headed ogre hits you with a +0 giant spiked club.
The two-headed ogre hits you with a +0 giant club!
You fly upwards.
There is a stone staircase leading down here.
Okay, then.
Casting: Dazzling Flash (safe; 1% risk of failure)
Confirm with . or Enter, or press ? or * to list all spells.
Aiming: Agony (quite dangerous; 13% risk of failure)
Press: ? - help, Shift-Dir - straight line, f - two-headed ogre
Aim: a two-headed ogre, wielding a +0 giant spiked club and a +0 giant club (chance to affect: 90%)
The two-headed ogre convulses!
Casting: Agony (quite dangerous; 13% risk of failure)
Confirm with . or Enter, or press ? or * to list all spells.
Aiming: Agony (quite dangerous; 13% risk of failure)
Press: ? - help, Shift-Dir - straight line, f/p - two-headed ogre
Aim: a two-headed ogre, wielding a +0 giant spiked club and a +0 giant club (heavily wounded, chance to affect: 90%)
The two-headed ogre convulses!
The two-headed ogre hits you with a +0 giant spiked club!!
Ouch! That really hurt!
You die...
Your body crumbles into a pile of gold.

##........##..# #.## #.####
#.........##.## ##..## ##.....
............).# ##....# #......
.............#### #...#####......
...#.........##.###...###......##
##..............#......#......#..
......................##.........
................O................
..............##@................
#.............##....#.......#....
#.............##..............#..
##.##......##.....##..........#..
#..#......####..................
##........#####............#.....
#..........................#.#...
..##.............##.##.......#...
###..............#....##....##...


You could see a two-headed ogre.

Vanquished Creatures
  Pikel (D:4)
  Jeremiah (D:6)
  Edmund (D:4)
  A black bear (D:6)
  An orc warrior (D:6)
  4 lemures (D:4)
  A phantom (D:5)
  A howler monkey (D:5)
  2 hounds
  An orc priest (D:6)
  A sleepcap (D:4)
  Ijyb (D:3)
  2 orc wizards
  4 iguanas
  8 adders
  8 gnolls
  2 ufetubi (D:5)
  3 dart slugs
  6 orcs
  5 bats
  8 endoplasms
  4 giant cockroaches
  10 goblins
  5 hobgoblins
  A jackal (D:3)
  4 quokkas (D:3)
  8 ball pythons
  3 frilled lizards
  11 kobolds
  4 rats
  A spectral kobold (D:1)
113 creatures vanquished.

Vanquished Creatures (collateral kills)
  A jelly (D:6)
  An orc priest (D:5)
  A hound (D:6)
  A gnoll bouda (D:6)
  An adder (D:6)
  An endoplasm (D:2)
  A kobold (D:3)
7 creatures vanquished.

Grand Total: 120 creatures vanquished

Notes
Turn   | Place    | Note
-------+----------+-------------------------------------------
     0 | D:1      | SmokeWeed the Deep Elf Conjurer began the quest for the
                  | Orb.
     0 | D:1      | Reached XP level 1. HP: 10/10 MP: 6/6
    45 | D:1      | Found a faded altar of an unknown god.
   316 | D:1      | Reached XP level 2. HP: 15/15 MP: 4/8
   358 | D:1      | Learned a level 2 spell: Searing Ray
  1105 | D:2      | Reached skill level 5 in Conjurations
  1141 | D:2      | Reached XP level 3. HP: 19/19 MP: 6/10
  1274 | D:2      | Learned a level 1 spell: Necrotise
  1422 | D:2      | Reached skill level 4 in Spellcasting
  2246 | D:3      | Reached XP level 4. HP: 20/24 MP: 2/12
  2596 | D:3      | Found a white marble altar of Elyvilon.
  2646 | D:3      | Reached skill level 1 in Necromancy
  2646 | D:3      | Reached XP level 5. HP: 25/28 MP: 6/13
  2731 | D:3      | Noticed Ijyb
  2736 | D:3      | Killed Ijyb
  2885 | D:3      | Reached skill level 5 in Spellcasting
  2970 | D:3      | Identified the ring of Birr {Fly rF+ rN+ Str+4 Slay-5}
  2982 | D:3      | Learned a level 3 spell: Dazzling Flash
  2986 | D:3      | Learned a level 3 spell: Call Canine Familiar
  3382 | D:4      | Reached XP level 6. HP: 32/32 MP: 11/15
  3432 | D:4      | Noticed Pikel
  3549 | D:4      | Noticed Edmund
  3565 | D:4      | Killed Edmund
  3566 | D:4      | Reached skill level 1 in Hexes
  3914 | D:4      | Killed Pikel
  3915 | D:4      | Reached skill level 6 in Spellcasting
  3915 | D:4      | Reached XP level 7. HP: 36/36 MP: 8/18
  4488 | D:5      | Entered Level 5 of the Dungeon
  4856 | D:5      | Reached XP level 8. HP: 42/42 MP: 9/20
  4916 | D:5      | Reached skill level 7 in Spellcasting
  5050 | D:5      | Found a staircase to the Ecumenical Temple.
  5369 | D:5      | Found an ornate altar of the Wu Jian Council.
  5500 | Temple   | Entered the Ecumenical Temple
  5550 | Temple   | Became a worshipper of Gozag Ym Sagoz the Greedy
  6000 | D:6      | Found a shimmering altar of Xom.
  6007 | D:6      | Found a sparkling altar of Nemelex Xobeh.
  6055 | D:6      | Reached skill level 8 in Spellcasting
  6220 | D:6      | Noticed Jeremiah
  6220 | D:6      | Noticed a two-headed ogre
  6467 | D:6      | Killed Jeremiah
  6468 | D:6      | Reached skill level 5 in Necromancy
  6746 | D:6      | Found a shimmering blue altar of Sif Muna.
  6765 | D:6      | Learned a level 5 spell: Agony
  6869 | D:6      | Reached skill level 9 in Spellcasting
  6886 | D:6      | Found Sotee's Distillery.
  6946 | D:6      | Found Haotei's Book Emporium.
  6955 | D:6      | Bought a Young Poisoner's Handbook for 280 gold pieces
  6960 | D:6      | Learned a level 4 spell: Olgreb's Toxic Radiance
  7057 | D:5      | Slain by a two-headed ogre

Illustrated notes

Levels and vault maps discovered:
D:1:      sevenhm_arrival_forest_fort_small_3, layout_basic,
          dreamdust_ecumenical_altar_drowned_temple,
          minmay_misc_feat_secret_circle
D:2:      layout_basic, grunt_decor_fettered, small_statue_intersection,
          minmay_tromino_mix6
D:3:      minmay_octagon_keep, layout_loops_ring, pf_just_have_faith, uniq_ijyb
D:4:      layout_loops_ring, uniq_edmund, uniq_pikel
D:5:      layout_cave_pools, mainiacjoe_overflow_alcove_2,
          minmay_temple_entry_offerings
D:6:      layout_loops_cross, mainiacjoe_overflow_small_starburst,
          nicolae_overflow_hidden_temple, kennysheep_orc_sif_temple,
          serial_shops, nicolae_book_shop_shelving, nicolae_shop_behind_doors,
          shop, uniq_jeremiah
Temple:   hellmonk_temple_of_storms

Skill      XL: |  1  2  3  4  5  6  7  8 |
---------------+-------------------------+-----
Conjurations   | 5 6 7 |  7.3
Spellcasting   | 4 5 6 9 |  9.0
Stealth        | 3 4 |  4.8
Necromancy     | 1 2 3 4 6 |  6.1
Hexes          | 3 |  3.7
Dodging        | 3 |  3.2
Summonings     | 2 |  2.4
Fighting       | |  0.6
Maces & Flails | |  0.3

Action                     |  1- 3 |  4- 6 |  7- 9 || total
---------------------------+-------+-------+-------++-------
  Melee: Whip              |     8 |     2 |       ||    10
   Cast: Magic Dart        |    67 |    65 |    32 ||   164
         Necrotise         |     4 |    10 |    20 ||    34
         Searing Ray       |       |    16 |    29 ||    45
         Call Canine Famil |       |     1 |     4 ||     5
         Agony             |       |       |     2 ||     2
         Dazzling Flash    |       |       |     2 ||     2
    Use: Scroll            |     5 |     2 |     5 ||    12
   Stab: Sleeping          |     2 |       |       ||     2
 Armour: Robe              |    14 |    11 |    16 ||    41
  Dodge: Dodged            |     9 |    25 |    29 ||    63

Table legend: (Time is in decaauts)
 A = Elapsed time spent in this place.
 B = Non-inter-level travel time spent in this place.
 C = Inter-level travel time spent in this place.
 D = Time resting spent in this place.
 E = Time spent auto-exploring this place.
 F = Levels seen in this place.
 G = Mean time per level.
                   A        B        C        D        E       F      G
               +--------+--------+--------+--------+--------+-----+--------+
         Total |   7065 |   6917 |    148 |   1132 |   4287 |   7 | 1009.3 |
       Dungeon |   6988 |   6840 |    148 |   1132 |   4287 |   6 | 1164.7 |
        Temple |     76 |     76 |      0 |      0 |      0 |   1 |   76.0 |
               +--------+--------+--------+--------+--------+-----+--------+

Top non-repeatable levels by time:
     D:4: 1409 daAuts
     D:2: 1262 daAuts
     D:5: 1242 daAuts
     D:6: 1113 daAuts
     D:3: 1094 daAuts
     D:1: 865 daAuts
  Temple: 76 daAuts
